 Dungeon Crawl Stone Soup version 0.30.1-4-g462c640d31 (webtiles) character file.

Game seed: 18079274420916805848

5343 Wiggles the Cleaver (level 10, 0/90 HPs)
             Began as a Minotaur Berserker on Sept 14, 2023.
             Was an Elder of Trog.
             Slain by an acid dragon (3 damage)
             ... on level 9 of the Dungeon.
             The game lasted 00:15:24 (7744 turns).

Wiggles the Cleaver (Minotaur Berserker)            Turns: 7744, Time: 00:15:25

Health: 0/90       AC: 16    Str: 36    XL:     10   Next: 38%
Magic:  9/9        EV: 10    Int:  4    God:    Trog [****..]
Gold:   343        SH:  0    Dex: 10    Spells: 9/9 levels left

rFire   . . .        r - +0 battleaxe
rCold   . . .        (shield currently unavailable)
rNeg    . . .        I - +1 plate armour
rPois   .            z - +2 hat
rElec   .            l - +1 cloak of the New World {Str+4 SInv Stlth-}
rCorr   .            (no gloves)
SInv    +            m - +0 pair of boots
Will    +....        E - amulet of regeneration Stlth
                     D - +6 ring of strength
HPRegen 1.15/turn    b - ring of the Distant Future {Will+ Slay+4}
MPRegen 0.11/turn

%: no passive effects
@: corroded, on berserk cooldown, slowed, very slow
A: horns 2, retaliatory headbutt
a: Renounce Religion, Berserk, Trog's Hand, Brothers in Arms


You were on level 9 of the Dungeon.
You worshipped Trog.
Trog was greatly pleased with you.
You visited 1 branch of the dungeon, and saw 9 of its levels.
You also visited: Sewer.

You collected 603 gold pieces.
You spent 260 gold pieces at shops.

Inventory:

Hand Weapons
 r - a +0 battleaxe (weapon)
Armour
 l - the +1 cloak of the New World (worn) {Str+4 SInv Stlth-}
   (You found it on level 8 of the Dungeon)

   Str:       It affects your strength (+4).
   SInv:      It lets you see invisible.
   Stlth:     It makes you less stealthy.
 m - a +0 pair of boots (worn)
 z - a +2 hat (worn)
 H - a scarf of invisibility
 I - a +1 plate armour (worn)
Jewellery
 b - the ring of the Distant Future (right hand) {Will+ Slay+4}
   (You acquired it on level 6 of the Dungeon)

   [ring of slaying]

   Slay:      It affects your accuracy & damage with ranged weapons and melee
   (+4).
   Will:      It increases your willpower.
 v - an amulet of faith
 D - a +6 ring of strength (left hand)
 E - an amulet of regeneration (around neck)
Wands
 a - a wand of charming (3)
 j - a wand of roots (13)
 p - a wand of quicksilver (7)
 F - a wand of digging (6)
Scrolls
 d - a scroll of teleportation
 g - 2 scrolls of fog
 n - 3 scrolls of magic mapping
 o - 2 scrolls of enchant weapon
 t - 2 scrolls of summoning
 y - 2 scrolls of fear
Potions
 c - 2 potions of heal wounds
 e - 3 potions of might
 f - a potion of flight
 h - 2 potions of magic
 i - a potion of haste
 k - a potion of brilliance {unknown}
 q - 2 potions of cancellation
 s - a potion of resistance {unknown}
 u - 2 potions of invisibility
 x - 2 potions of curing
 C - a potion of degeneration {unknown}
 G - a potion of berserk rage {unknown}


   Skills:
 + Level 8.9 Fighting
 + Level 13.3 Axes
 + Level 9.1 Armour
 + Level 4.9 Dodging
 + Level 2.1 Stealth


You had 9 spell levels left.
You didn't know any spells.
Your spell library was empty.

Dungeon Overview and Level Annotations

Branches:
Dungeon (9/15)             Temple (0/1) D:5             Orc (0/2) D:9
  Sewer (visited)
   Lair: D:8-11

Altars:
Makhleb
Yredelemnul

Shops:
D:4 !   D:5 !**

Annotations:
D:4 1 runed translucent door


Innate Abilities, Weirdness & Mutations

You have a pair of horns on your head.
You reflexively headbutt those who attack you in melee.


Message History

You hit the yak. You barely miss the yak. The yak gores you!
The yak barely misses you. You furiously retaliate!
You headbutt the yak. The yak gores you but does no damage.
The acid dragon bites you. The acid dragon closely misses you.
You closely miss the acid dragon.
The acid dragon is severely wounded.
You slice the yak!! You hit the yak but do no damage. You closely miss the yak.
The yak gores you. The yak barely misses you. You furiously retaliate!
You headbutt the yak!
The acid dragon bites you but does no damage.
The acid dragon claws you.
* * * LOW HITPOINT WARNING * * *
The yak closely misses you. The yak gores you.
* * * LOW HITPOINT WARNING * * *
The yak gores you.
* * * LOW HITPOINT WARNING * * *
The yak gores you but does no damage.
The acid dragon bites you but does no damage.
The acid dragon barely misses you.
Your polar bear goes berserk!
The yak gores you but does no damage. x2; The yak barely misses you.
You furiously retaliate!
You headbutt the yak!! The acid dragon spits acid at you.
The splash of acid hits you!
* * * LOW HITPOINT WARNING * * *
The acid corrodes you!
You hear an angry hiss.
You fail to use your ability.
Your polar bear barely misses the yak. x2
Your polar bear claws the yak.
The yak gores you but does no damage. x2
The yak gores you.
* * * LOW HITPOINT WARNING * * *
The acid dragon bites you.
* * * LOW HITPOINT WARNING * * *
The acid dragon closely misses you.
Your polar bear bites the yak!
The yak dies!
Trog accepts your kill. The yak barely misses you. You furiously retaliate!
You headbutt the yak!
The acid dragon bites you but does no damage.
The acid dragon claws you.
You die...

#....###########....#
####................#
##############...##
........<.........#
.......#######....#
........######.)).######
.........)).............
...!..Y.†(####....######
.....oD@...# ####.#
.....oYo..(######.###
........h..#........##
....(......#......#..#
}......>...#..|...##.#
.:.........#########.#
...........# #.#
...........# #[# #.##


You could see 2 yaks, an orc warrior, an acid dragon (catching breath), 2 orcs
and a friendly polar bear (summoned, berserk).

Vanquished Creatures
  A two-headed ogre (D:9)
  A cyclops (D:9)
  Prince Ribbit (D:5)
  The ghost of Jackfrost the Chopper, an amateur MiBe of Trog (D:5)
  The ghost of LordJstr the Covered, an amateur MeFi (D:4)
  3 yaks (D:9)
  A steam dragon (D:8)
  3 wargs (D:9)
  Edmund (D:4)
  An orc warrior (D:8)
  2 ogres (D:6)
  3 black bears
  2 centaurs
  A phantom (D:6)
  2 kobold brigands
  A gnoll sergeant (D:8)
  2 bullfrogs
  A scorpion (D:4)
  10 wights
  4 killer bees
  A howler monkey (D:6)
  2 jellies
  3 hounds
  7 orc priests
  Jessica (D:2)
  6 orc wizards
  4 iguanas
  3 sleepcaps
  3 gnolls (D:3)
  6 river rats
  7 adders
  A shadow imp (D:7)
  A white imp (D:6)
  An ufetubus (D:4)
  3 worms
  3 dart slugs
  32 orcs
  6 endoplasms
  4 giant cockroaches
  9 goblins
  7 hobgoblins
  4 jackals
  3 quokkas
  10 ball pythons
  5 bats
  4 frilled lizards
  16 kobolds
  12 rats
206 creatures vanquished.

Vanquished Creatures (collateral kills)
  A yak (D:9)
1 creature vanquished.

Grand Total: 207 creatures vanquished

Notes
Turn   | Place    | Note
-------+----------+-------------------------------------------
     0 | D:1      | Wiggles the Minotaur Berserker began the quest for the Orb.
     0 | D:1      | Reached XP level 1. HP: 19/19 MP: 0/0
   237 | D:1      | Reached XP level 2. HP: 20/27 MP: 1/1
   277 | D:1      | Reached skill level 4 in Axes
   957 | D:2      | Reached ** piety under Trog
   958 | D:2      | Reached XP level 3. HP: 30/33 MP: 2/2
  1006 | D:2      | Found a faded altar of an unknown god.
  1251 | D:2      | Noticed Jessica
  1262 | D:2      | Killed Jessica
  1347 | D:2      | Reached XP level 4. HP: 41/41 MP: 3/3
  1721 | D:3      | Found a glowing drain.
  1759 | Sewer    | Entered a sewer
  1822 | Sewer    | Reached skill level 5 in Axes
  2008 | Sewer    | Reached XP level 5. HP: 47/47 MP: 4/4
  2951 | D:4      | Noticed a black bear
  2959 | D:4      | Killed a black bear
  2960 | D:4      | Reached skill level 5 in Fighting
  2960 | D:4      | Reached skill level 6 in Axes
  2960 | D:4      | Reached XP level 6. HP: 56/56 MP: 5/5
  2963 | D:4      | Noticed Edmund
  2978 | D:4      | Killed Edmund
  3191 | D:4      | Reached *** piety under Trog
  3200 | D:4      | Reached XP level 7. HP: 31/61 MP: 6/6
  3510 | D:4      | Reached skill level 7 in Axes
  3564 | D:4      | Found a runed translucent door.
  3566 | D:4      | Noticed LordJstr's ghost (amateur MeFi)
  3605 | D:4      | Found Hafeir's Distillery.
  3735 | D:4      | Found a runed translucent door.
  3852 | D:4      | Killed LordJstr's ghost
  3887 | D:5      | Entered Level 5 of the Dungeon
  3901 | D:5      | Noticed Prince Ribbit
  3907 | D:5      | Killed Prince Ribbit
  3908 | D:5      | Reached skill level 8 in Axes
  3908 | D:5      | Reached skill level 5 in Armour
  4057 | D:5      | Found Josoypp's Distillery.
  4163 | D:5      | Reached XP level 8. HP: 63/70 MP: 7/7
  4265 | D:5      | Found a runed translucent door.
  4317 | D:5      | Noticed Jackfrost's ghost (amateur MiBe)
  4343 | D:5      | Reached skill level 9 in Axes
  4369 | D:5      | Killed Jackfrost's ghost
  4485 | D:5      | Found a staircase to the Ecumenical Temple.
  4500 | D:5      | Found Firisosk's Assorted Antiques.
  4504 | D:5      | Bought a scroll labelled EFRAVO KAULEMI for 25 gold pieces
  4504 | D:5      | Bought a scroll labelled YCA DOONUZ ZUGRYOL for 25 gold
                  | pieces
  4504 | D:5      | Bought a fuming yellow potion for 22 gold pieces
  4571 | D:5      | Found Gunab's Assorted Antiques.
  4575 | D:5      | Bought a curved gold wand for 128 gold pieces
  4575 | D:5      | Bought a scroll labelled WIDGHA ATUKOA for 32 gold pieces
  4575 | D:5      | Bought an emerald potion for 28 gold pieces
  4826 | D:6      | Reached skill level 1 in Stealth
  4918 | D:6      | You fall into a shaft and drop 1 floor!
  5209 | D:6      | Reached skill level 10 in Axes
  5544 | D:6      | Identified a scroll of acquirement
  5544 | D:6      | Acquired the ring of the Distant Future {Will+ Slay+4}
  5640 | D:7      | Reached **** piety under Trog
  5663 | D:7      | Found a basalt altar of Yredelemnul.
  6207 | D:7      | Reached XP level 9. HP: 72/79 MP: 8/8
  6410 | D:7      | Reached skill level 11 in Axes
  6898 | D:8      | Identified the +1 cloak of the New World {Str+4 SInv
                  | Stlth-}
  7526 | D:9      | Noticed a two-headed ogre
  7532 | D:9      | Killed a two-headed ogre
  7533 | D:9      | Reached skill level 12 in Axes
  7569 | D:9      | Found a burning altar of Makhleb.
  7619 | D:9      | Reached XP level 10. HP: 90/90 MP: 9/9
  7707 | D:9      | Found a staircase to the Orcish Mines.
  7707 | D:9      | Noticed a cyclops
  7728 | D:9      | Killed a cyclops
  7734 | D:9      | Reached skill level 13 in Axes
  7744 | D:9      | HP: 3/90 [acid dragon (4)]
  7744 | D:9      | Slain by an acid dragon

Illustrated notes

Levels and vault maps discovered:
D:1:      ncdulo_smallfort, layout_basic, minmay_misc_feat_room,
          dreamdust_princess_bridge
D:2:      layout_loops_ring, shapermc_ecumenical_altar_ellora, uniq_jessica
D:3:      minmay_spotlight, layout_basic, portal_sewer_entry_a, kennysheep_boxes
D:4:      layout_rooms, ebering_ghost_sewer_f, serial_shops,
          nicolae_shop_industrial_runoff, uniq_edmund
D:5:      layout_basic, minmay_temple_entry_overgrown, serial_shops, shop, shop,
          nicolae_shop_back_alley_shop, ebering_ghost_inner_flame,
          uniq_prince_ribbit1
D:6:      layout_loops_ring
D:7:      layout_basic, nicolae_overflow_hidden_temple, grunt_ministairs_5,
          kennysheep_dice
D:8:      layout_basic, chequers_serial_rivers_large_b, hangedman_decor_growths,
          minmay_checkerbox
D:9:      layout_basic, lightli_temple_of_fire, minmay_orc_entry_guard_dogs,
          uniq_erolcha

Skill      XL: |  1  2  3  4  5  6  7  8  9 10 |
---------------+-------------------------------+-----
Axes           | 4 5 6 8 10 12 13 | 13.3
Fighting       | 4 5 6 7 8 |  8.9
Armour         | 3 4 5 8 9 |  9.1
Dodging        | 3 4 |  4.9
Stealth        | 1 2 |  2.1

Action                     |  1- 3 |  4- 6 |  7- 9 | 10-12 || total
---------------------------+-------+-------+-------+-------++-------
  Melee: Hand axe          |    78 |    85 |       |       ||   163
         Headbutt          |    11 |    16 |    34 |     9 ||    70
         War axe           |       |    39 |   189 |       ||   228
         Battleaxe         |       |       |    12 |    34 ||    46
 Invoke: Berserk           |     1 |     3 |     8 |     1 ||    13
         Brothers in Arms  |       |       |       |     1 ||     1
    Use: Scroll            |       |       |    22 |       ||    22
 Armour: Animal skin       |     4 |       |       |       ||     4
         Leather armour    |     9 |     2 |     8 |       ||    19
         Ring mail         |     8 |    39 |       |       ||    47
         Plate armour      |       |       |    77 |    37 ||   114
  Dodge: Dodged            |    41 |    92 |   130 |    36 ||   299
